 Dungeon Crawl Stone Soup version 0.28.0-43-g3370ac3207 (webtiles) character file.

Game seed: 12936269817415609911

200 H0rd4k the Magician (level 5, -2/28 HPs)
             Began as a Deep Elf Hedge Wizard on Mar 28, 2022.
             Slain by an iguana (7 damage)
             ... on level 5 of the Dungeon.
             The game lasted 00:04:22 (4905 turns).

H0rd4k the Magician (Deep Elf Hedge Wizard)         Turns: 4905, Time: 00:04:23

Health: -2/28      AC:  2    Str:  7    XL:     5   Next: 48%
Magic:  9/16       EV: 12    Int: 21    God:
Gold:   165        SH:  0    Dex: 14    Spells: 8/17 levels left

rFire   . . .      SeeInvis .   a - +0 dagger
rCold   . . .      Faith    .   (no shield)
rNeg    . . .      Spirit   .   b - +0 robe
rPois   .          Reflect  .   c - +0 hat
rElec   .          Harm     .   (no cloak)
rCorr   .          Rampage  .   (no gloves)
Will    .....                   (no boots)
Stlth   ++........              (no amulet)
HPRegen 0.09/turn               (no ring)
MPRegen 0.15/turn               (no ring)

@: on blink cooldown
A: no striking features
a: no special abilities


You were on level 5 of the Dungeon.
You visited 1 branch of the dungeon, and saw 5 of its levels.

You collected 165 gold pieces.

Inventory:

Hand Weapons
 a - a +0 dagger (weapon)
 h - a +1 hunting sling of freezing
Armour
 b - a +0 robe (worn)
 c - a +0 hat (worn)
Magical Staves
 r - a staff of cold
Scrolls
 d - 5 scrolls of identify {unknown}
 g - 4 scrolls of noise {unknown}
 i - a scroll of amnesia {unknown}
 k - a scroll of brand weapon {unknown}
 l - a scroll of summoning {unknown}
 m - a scroll of holy word {unknown}
 n - a scroll of silence {unknown}
 p - a scroll of immolation {unknown}
 q - 4 scrolls of teleportation {unknown}
Potions
 e - a potion of attraction {unknown}
 f - a potion of berserk rage {unknown}
 j - a potion of might {unknown}
 o - a potion of mutation {unknown}
 s - a potion of curing {unknown}


   Skills:
 + Level 2.6 Dodging
 - Level 2.4 Stealth
 + Level 6.6 Spellcasting
 + Level 2.6 Conjurations
 + Level 1.1 Summonings
 + Level 1.3 Translocations
 * Level 1.5 Fire Magic
 * Level 1.3 Air Magic
 * Level 1.2 Poison Magic


You had 8 spell levels left.
You knew the following spells:

 Your Spells              Type           Power      Damage    Failure   Level
a - Magic Dart            Conj           72%        1d6       3%          1
b - Blink                 Tloc           24%        N/A       8%          2
c - Conjure Flame         Conj/Fire      15%        6-21      12%         3
d - Mephitic Cloud        Conj/Pois/Air  14%        N/A       13%         3

Your spell library contained the following spells:

 Spells                   Type           Power      Damage    Failure   Level
 Shock                    Conj/Air       60%        1d6       4%          1
 Call Imp                 Summ           11%        N/A       9%          2
 Slow                     Hex            24%        N/A       10%         1
 Dazzling Flash           Conj/Hex       24%        N/A       16%         3
 Swiftness                Air            12%        N/A       16%         3
 Iskenderun's Mystic Bla  Conj/Tloc      15%        2d5       36%         4
 Airstrike                Air            6%         N/A       47%         4
 Starburst                Conj/Fire      7%         6d4       99%         6


Dungeon Overview and Level Annotations

Branches:
Dungeon (5/15)
 Temple: D:4-7

Altars:
Uskayaw


Message History

You can't see any susceptible monsters within range! (Use Z to cast anyway.) Done exploring.
Done exploring.
Done exploring.
Unknown command.
Okay, then.
Unknown command.
(D) Dungeon
Where to? (Enter - D:4, ? - help)
There is a stone staircase leading down here.
You climb downwards.
You hear the sound of rushing water.
There is an entrance to a sewer on this level.
Hurry and find it before the portal rusts away!
Found 5 gold pieces.
There is a stone staircase leading up here.
Okay, then.
The magic dart hits the iguana.
The iguana is lightly wounded.
The iguana hisses angrily.
The magic dart hits the iguana but does no damage.
The iguana is lightly wounded.
The magic dart hits the iguana.
The iguana is lightly wounded.
The magic dart hits the iguana.
The iguana is moderately wounded.
The magic dart hits the iguana but does no damage.
The iguana is moderately wounded.
The iguana bites you!
The magic dart hits the iguana but does no damage.
The iguana is moderately wounded.
The iguana bites you!
* * * LOW HITPOINT WARNING * * *
You are too injured to fight recklessly!
You are too injured to fight recklessly!
Casting: Magic Dart (safe; 3% risk of failure)
Confirm with . or Enter, or press ? or * to list all spells.
You blink.
The iguana hisses menacingly.
The iguana bites you!
You die...

. $. # ... .#
....### ###.#
....... #...
#.##...##.####.#
.......§l......#
#.##.####@####.
#..............
#...##.........
#. #..#..#...
...#..# ##
##.##... #. ...
.. ...#


You could see an iguana.

Vanquished Creatures
  2 hounds
  An orc wizard (D:4)
  A hound skeleton (D:4)
  2 worms
  A dart slug (D:1)
  5 orcs
  4 endoplasms
  3 giant cockroaches
  7 hobgoblins
  8 jackals
  3 quokkas
  6 ball pythons
  6 bats
  8 frilled lizards
  10 goblins
  8 kobolds
  10 rats
85 creatures vanquished.

Notes
Turn   | Place    | Note
-------+----------+-------------------------------------------
     0 | D:1      | H0rd4k the Deep Elf Hedge Wizard began the quest for the
                  | Orb.
     0 | D:1      | Reached XP level 1. HP: 10/10 MP: 7/7
   159 | D:1      | Reached skill level 5 in Spellcasting
   243 | D:1      | Reached XP level 2. HP: 15/15 MP: 6/10
   776 | D:1      | Reached XP level 3. HP: 19/19 MP: 4/12
   779 | D:1      | Learned a level 2 spell: Blink
   783 | D:1      | Learned a level 3 spell: Conjure Flame
   787 | D:1      | Learned a level 3 spell: Mephitic Cloud
  1644 | D:2      | Found a hide-covered altar of Uskayaw.
  1963 | D:2      | Reached skill level 6 in Spellcasting
  2462 | D:3      | Reached XP level 4. HP: 15/24 MP: 1/14
  3646 | D:4      | Reached skill level 1 in Fire Magic
  3646 | D:4      | Reached skill level 1 in Air Magic
  4193 | D:3      | Reached skill level 1 in Poison Magic
  4193 | D:3      | Reached XP level 5. HP: 28/28 MP: 6/15
  4898 | D:5      | Entered Level 5 of the Dungeon
  4905 | D:5      | Slain by an iguana

Illustrated notes

Levels and vault maps discovered:
D:1:      scummos_arrival_checkerplants, layout_loops_ring
D:2:      layout_loops_ring, basic_altar, minmay_domino_4
D:3:      layout_rooms, serial_co_window_serial, co_window_corner_a,
          co_window_corner_a, co_window_of_opportunity_a, co_window_corner_a,
          co_window_paths_a, co_window_corner_cb, co_window_corner_b,
          co_window_paths_c, co_window_corner_cb, co_window_2corner,
          co_window_paths_c, co_window_unsneaky_path_b, co_window_paths_e,
          glass_columns_c, minivault_26
D:4:      layout_cave_pools
D:5:      lemuel_ice_spiral_2, layout_basic, portal_sewer_entry_f,
          minmay_ruined_shrine

Skill      XL: |  1  2  3  4 |
---------------+-------------+-----
Spellcasting   | 5 6 |  6.6
Conjurations   | 2 |  2.6
Fire Magic     | 1 |  1.5
Air Magic      | 1 |  1.3
Poison Magic   | 1 |  1.2
Dodging        | |  2.6
Stealth        | |  2.4
Summonings     | |  1.1
Translocations | |  1.3

Action                   |  1- 3 |  4- 6 || total
-------------------------+-------+-------++-------
Melee: Dagger            |     2 |     1 ||     3
 Cast: Magic Dart        |   143 |    86 ||   229
       Blink             |       |     5 ||     5
       Conjure Flame     |       |     1 ||     1
Armor: Robe              |     2 |     2 ||     4
Dodge: Dodged            |     8 |    35 ||    43
